AoeStats
← Scarecrow

Arabia

508409194Analyzed
1v1 RM · 11d ago on Sep 22, 2026· 22m 31s· 2 players
Game mode
Random Map
Map size
Tiny (2 player)
Population
200
Speed
Normal
Resources
Standard
Victory
Conquest
Starting age
Dark Age
Ending age
Imperial Age
RankedLock teamsTeams togetherTeam positionsShared explorationLock speedFull tech treeHidden civsTurbo modeCheats
Victory
Defeat
🇪🇸 Franks · Spain
903
+16
🇰🇷 Franks · South Korea
902
-42
Scarecrow
10:23 Feudal Age
9:06 Loom
12:03 Double-Bit Axe
16:26 Gold Mining
18:13 Stone Mining
20:08 Wheelbarrow
21:15 Town Watch
VeX
12:54 Feudal Age
17:08 Castle Age
15:05 Double-Bit Axe
15:14 Gold Mining
16:16 Scale Barding Armor
18:01 Husbandry
18:23 Bow Saw
18:52 Gold Shaft Mining
Connection lost

Rejoining the realm…

Still unreachable

The connection could not be restored.

Session expired

The server has moved on; the page needs a fresh start.